 Dungeon Crawl Stone Soup version 0.30-a0-305-g026cb31310 (webtiles) character file.

Game seed: 17038261179551651658

44 McGhostyFace the Cudgeller (level 4, -1/37 HPs)
             Began as a Meteoran Reaver on Oct 22, 2022.
             Slain by a worm (9 damage)
             ... on level 2 of the Dungeon.
             The game lasted 00:06:00 (824 turns).

McGhostyFace the Cudgeller (Meteoran Reaver)         Turns: 824, Time: 00:06:00

Health: -1/37      AC:  3    Str: 13    XL:     4   Next: 8%
Magic:  9/9        EV: 12    Int: 17    God:
Gold:   42         SH:  0    Dex: 12    Spells: 7/8 levels left

rFire   . . .      SeeInvis .    a - +0 mace
rCold   . . .      Faith    .    (no shield)
rNeg    . . .      Spirit   .    b - +0 leather armour
rPois   .          Reflect  .    (no helmet)
rElec   .          Harm     .    (no cloak)
rCorr   .          Rampage  .    (no gloves)
Will    .....                    (no boots)
Stlth   +.........               (no amulet)
HPRegen 0.26/turn                (no ring)
MPRegen 0.11/turn                (no ring)

@: glowing
A: sense surroundings 1, otherworldly, glowing, explore regen
a: no special abilities


You were on level 2 of the Dungeon.
You visited 1 branch of the dungeon, and saw 2 of its levels.

You collected 42 gold pieces.

Inventory:

Hand Weapons
 a - a +0 mace (weapon)
Missiles
 l - 5 curare-tipped darts
Armour
 b - a +0 leather armour (worn)
Scrolls
 d - 4 scrolls of blinking {unknown}
 e - a scroll of vulnerability {unknown}
 g - a scroll of teleportation {unknown}
 h - a scroll of fear {unknown}
 j - a scroll of noise {unknown}
Potions
 c - 2 potions of heal wounds {unknown}
 f - a potion of cancellation {unknown}
 i - 2 potions of brilliance {unknown}
 k - a potion of berserk rage {unknown}
 m - a potion of lignification {unknown}


   Skills:
 + Level 2.6 Fighting
 + Level 4.6 Maces & Flails
 + Level 0.0(2.5) Staves
 + Level 0.0 Throwing
 - Level 0.4 Armour
 - Level 2.6 Dodging
 + Level 2.9 Spellcasting
 + Level 4.3 Conjurations


You had 7 spell levels left.
You knew the following spells:

 Your Spells              Type           Power      Damage    Failure   Level
a - Kiss of Death         Conj/Necr      36%        2d8       10%         1

Your spell library contained the following spells:

 Spells                   Type           Power      Damage    Failure   Level
 Momentum Strike          Conj/Tloc      18%        3d8       14%         2
 Sting                    Tmut/Pois      8%         1d3       22%         1
 Hailstorm                Conj/Ice       9%         3d4       28%         3
 Poisonous Vapours        Pois/Air       4%         N/A       34%         2
 Call Canine Familiar     Summ           2%         N/A       56%         3
 Portal Projectile        Hex/Tloc       4%         N/A       56%         3
 Leda's Liquefaction      Hex/Erth       1%         N/A       92%         4
 Olgreb's Toxic Radiance  Pois           2%         N/A       92%         4


Dungeon Overview and Level Annotations

Branches:
Dungeon (2/15) Zot: 353

Altars:


Innate Abilities, Weirdness & Mutations

You passively map a small area around you.
You are easily found by Zot.
You glow in the dark.
You regain HP and MP as you explore.


Message History

The endoplasm is heavily wounded.
The endoplasm hits you.
You barely miss the endoplasm.
The endoplasm is heavily wounded.
The endoplasm closely misses you.
You hit the endoplasm.
You kill the endoplasm!
You hit the ball python.
The ball python is severely wounded.
The ball python misses you. The ball python grabs you.
The ball python constricts you.
The ball python bites you but does no damage.
The ball python constricts you.
You barely miss the ball python.
The ball python is severely wounded.
The ball python bites you. The ball python constricts you.
You sock the ball python!
You kill the ball python!
The ball python bites you but does no damage.
The ball python closely misses you.
You thump the ball python!
You kill the ball python!
The worm bites you!
You see here a ball python corpse.
You sock the worm!
The worm is moderately wounded.
The worm misses you.
You barely miss the worm.
The worm is moderately wounded.
You hit the worm.
The worm is heavily wounded.
The worm bites you.
You hit the worm.
The worm is severely wounded.
The worm bites you.
* * * LOW HITPOINT WARNING * * *
You sock the worm!
The worm is almost dead.
The worm bites you!
You die...

#.# ###.## #...# , #.#
#..# #.>.#
#.#######.#####...#######.
..............+...'.......
,, ,
.#########.####...#######.
* .# #..###...# ** .#
##....#### .#
####.########## * ##
#..@w....... ####..######*
#..# * #..# ###### #... ,
##....# ##...* , , ......#
.#.., ......# .....
.....## ####.#


You could see a worm.

Vanquished Creatures
  A dart slug (D:1)
  3 bats
  5 endoplasms
  2 giant cockroaches (D:1)
  5 goblins
  A hobgoblin (D:1)
  4 jackals (D:2)
  2 quokkas
  5 ball pythons
  5 frilled lizards
  2 kobolds (D:1)
  3 rats (D:1)
38 creatures vanquished.

Notes
Turn   | Place    | Note
-------+----------+-------------------------------------------
     0 | D:1      | McGhostyFace the Meteoran Reaver began the quest for the
                  | Orb.
     0 | D:1      | Reached XP level 1. HP: 17/17 MP: 5/5
    96 | D:1      | Reached XP level 2. HP: 13/24 MP: 6/6
   347 | D:1      | Reached XP level 3. HP: 27/30 MP: 8/8
   489 | D:1      | Glimpsed the power of Zot.
   538 | D:1      | Glimpsed the power of Zot.
   802 | D:2      | Reached XP level 4. HP: 28/37 MP: 9/9
   824 | D:2      | Slain by a worm

Illustrated notes

Levels and vault maps discovered:
D:1:      dpeg_arrival_refuge, layout_basic
D:2:      layout_basic

Skill      XL: |  1  2 |
---------------+-------+-----
Conjurations   | 4 |  4.3
Fighting       | |  2.6
Maces & Flails | |  4.6
Armour         | |  0.4
Dodging        | |  2.6
Spellcasting   | |  2.9

Action                   |  1- 3 |  4- 6 || total
-------------------------+-------+-------++-------
Melee: Mace              |   105 |    17 ||   122
Armor: Leather armour    |    42 |     4 ||    46
Dodge: Dodged            |    63 |    14 ||    77

Table legend: (Time is in decaauts)
 A = Elapsed time spent in this place.
 B = Non-inter-level travel time spent in this place.
 C = Inter-level travel time spent in this place.
 D = Time resting spent in this place.
 E = Time spent auto-exploring this place.
 F = Levels seen in this place.
 G = Mean time per level.
                   A        B        C        D        E       F      G
               +--------+--------+--------+--------+--------+-----+--------+
         Total |    845 |    845 |      0 |     44 |    520 |   2 |  422.5 |
       Dungeon |    845 |    845 |      0 |     44 |    520 |   2 |  422.5 |
               +--------+--------+--------+--------+--------+-----+--------+

Top non-repeatable levels by time:
     D:1: 566 daAuts
     D:2: 278 daAuts
